TOP OF THE 1ST |
Mississippi Rebels batting - Pitching for Michigan State Spartans : LHP David Page
|
Pitching: LHP David Page
|
|
Batting: RHB Lou Hammond
|
0-0: Ground out 4-3 (Groundball, 4MD)
|
Batting: LHB Ryan Miller
|
0-0: Ground out 5-3 (Groundball, 56)
|
Batting: RHB Simon Lee
|
0-0: Ball 1-0: Ball 2-0: Called Strike 2-1: Foul Ball, location: 2F 2-2: Ball 3-2: Ground out 5-3 (Groundball, 56S)
|
Top of the 1st over - 0 run(s), 0 hit(s), 0 error(s), 0 left on base; Mississippi 0 - Michigan State 0 |
BOTTOM OF THE 1ST |
Michigan State Spartans batting - Pitching for Mississippi Rebels : RHP Jesse Williams
|
Pitching: RHP Jesse Williams
|
|
Batting: SHB Joe Emery
|
0-0: Swinging Strike 0-1: Foul Ball, location: 2F 0-2: Foul Ball, location: 2F 0-2: Foul Ball, location: 2F 0-2: SOLO HOME RUN (Flyball, 89XD), Distance : 372 ft
|
Batting: LHB Gabriel Estrada
|
0-0: Called Strike 0-1: Ground out 4-3 (Groundball, 4)
|
Batting: LHB Cliff Mills
|
0-0: Foul Ball, location: 2F 0-1: Foul Ball, location: 2F 0-2: Foul Ball, location: 2F 0-2: Foul Ball, location: 2F 0-2: Foul Ball, location: 2F 0-2: Fly out, F8 (Flyball, 8RM)
|
Batting: RHB Ryan Nelson
|
0-0: Swinging Strike 0-1: Swinging Strike 0-2: Ball 1-2: Ball 2-2: Fly out, F9 (Flyball, 9S)
|
Bottom of the 1st over - 1 run(s), 1 hit(s), 0 error(s), 0 left on base; Mississippi 0 - Michigan State 1 |
TOP OF THE 2ND |
Mississippi Rebels batting - Pitching for Michigan State Spartans : LHP David Page
|
Batting: RHB Jason McIntosh
|
0-0: Called Strike 0-1: Ball 1-1: Fly out, F9 (Line Drive, 9)
|
Batting: RHB John Eaves
|
0-0: Hit by Pitch
|
Batting: SHB Jack Hendrix
|
0-0: Ball 1-0: Ball 2-0: Ball 3-0: Called Strike 3-1: Fly out, F4 (Line Drive, 4M)
|
Batting: RHB Tyler Fitzgerald
|
0-0: Foul Ball, location: 2F 0-1: Ball 1-1: Called Strike 1-2: Strikes out swinging
|
Top of the 2nd over - 0 run(s), 0 hit(s), 0 error(s), 1 left on base; Mississippi 0 - Michigan State 1 |
BOTTOM OF THE 2ND |
Michigan State Spartans batting - Pitching for Mississippi Rebels : RHP Jesse Williams
|
Batting: RHB Ryan Fullerton
|
0-0: Foul Ball, location: 2F 0-1: Ball 1-1: Ball 2-1: Called Strike 2-2: Strikes out looking
|
Batting: RHB Nelson Wright
|
0-0: Ball 1-0: Ball 2-0: Ball 3-0: Base on Balls
|
Batting: LHB Steve Arnold
|
0-0: Ball Wild Pitch! Nelson Wright to second 1-0: Foul Ball, location: 2F 1-1: Ball 2-1: Ball 3-1: Foul Ball, location: 2F 3-2: Foul Ball, location: 2F 3-2: Foul Ball, location: 2F 3-2: Base on Balls
|
Batting: RHB Scott Juárez
|
0-0: Foul Ball, location: 2F 0-1: Foul Ball, location: 2F 0-2: Ball 1-2: Ball 2-2: Foul Ball, location: 2F 2-2: Fly out, F9 (Flyball, 89S)
|
Batting: RHB Spike Walters
|
0-0: Single, Error in OF, E7, batter to second base Nelson Wright scores Steve Arnold to third
|
Batting: SHB Joe Emery
|
0-0: Ball 1-0: 3-RUN HOME RUN (Flyball, 89XD), Distance : 382 ft
|
Batting: LHB Gabriel Estrada
|
0-0: Foul Ball, location: 2F 0-1: Fly out, F9 (Flyball, 9)
|
Bottom of the 2nd over - 4 run(s), 2 hit(s), 1 error(s), 0 left on base; Mississippi 0 - Michigan State 5 |
TOP OF THE 3RD |
Mississippi Rebels batting - Pitching for Michigan State Spartans : LHP David Page
|
Batting: RHB Jon Waller
|
0-0: Fly out, F9 (Flyball, 9S)
|
Batting: RHB Rafael Gonzáles
|
0-0: Foul Ball, location: 2F 0-1: Ball 1-1: Ball 2-1: SINGLE (Line Drive, 6MD)
|
Batting: RHB Lou Hammond
|
0-0: Called Strike 0-1: Called Strike 0-2: Ball 1-2: Foul Ball, location: 2F 1-2: Ball 2-2: Reached on error, E3 (Groundball, 3) Rafael Gonzáles to second
|
Batting: LHB Ryan Miller
|
0-0: Ball 1-0: Ball 2-0: Called Strike 2-1: Ball 3-1: Base on Balls Rafael Gonzáles to third Lou Hammond to second
|
Batting: RHB Simon Lee
|
0-0: Ball 1-0: Foul Ball, location: 2F 1-1: Swinging Strike 1-2: Ball 2-2: Strikes out swinging
|
Batting: RHB Jason McIntosh
|
0-0: Swinging Strike 0-1: Ball 1-1: Swinging Strike 1-2: Foul Ball, location: 2F 1-2: Ball 2-2: Strikes out swinging
|
Top of the 3rd over - 0 run(s), 1 hit(s), 1 error(s), 3 left on base; Mississippi 0 - Michigan State 5 |
BOTTOM OF THE 3RD |
Michigan State Spartans batting - Pitching for Mississippi Rebels : RHP Jesse Williams
|
Batting: LHB Cliff Mills
|
0-0: Ball 1-0: Ball 2-0: Ball 3-0: Called Strike 3-1: SINGLE (Flyball, 7LS)
|
Batting: RHB Ryan Nelson
|
0-0: SINGLE (Groundball, 15S) (infield hit) Cliff Mills to second
|
Batting: RHB Ryan Fullerton
|
0-0: Foul Ball, location: 2F 0-1: Ball 1-1: Ball 2-1: Foul Ball, location: 2F 2-2: Ball 3-2: Base on Balls Cliff Mills to third Ryan Nelson to second
|
Batting: RHB Nelson Wright
|
0-0: Ball 1-0: Ball 2-0: Foul Ball, location: 2F 2-1: Swinging Strike 2-2: Foul Ball, location: 2F 2-2: SINGLE (Line Drive, 8LS) Cliff Mills scores Ryan Nelson to third Ryan Fullerton to second Runner from 3rd tries for Home, SAFE, throw made home Ryan Fullerton to third Nelson Wright to second
|
Pitching: RHP Chris Roy
|
|
Batting: LHB Steve Arnold
|
0-0: Ball 1-0: Ball 2-0: Ball 3-0: Base on Balls
|
Batting: RHB Scott Juárez
|
0-0: Ball 1-0: Foul Ball, location: 2F 1-1: Ball 2-1: TRIPLE (Groundball, 3L) Ryan Fullerton scores Nelson Wright scores Steve Arnold scores
|
Batting: RHB Spike Walters
|
0-0: Ball 1-0: Called Strike 1-1: Foul Ball, location: 2F 1-2: Fly out, F8 (Line Drive, 8LD) Runner from 3rd tags up, SCORES, no throw
|
Batting: SHB Joe Emery
|
0-0: Ball 1-0: Ball 2-0: Ball 3-0: Called Strike 3-1: Base on Balls
|
Batting: LHB Gabriel Estrada
|
0-0: Ball 1-0: Fly out, F4 (Popup, 4D)
|
Batting: LHB Cliff Mills
|
0-0: Called Strike 0-1: Ball 1-1: SINGLE (Groundball, 34D) Joe Emery to second Runner from 2nd tries for 3rd, SAFE, throw made to third Cliff Mills to second
|
Batting: RHB Ryan Nelson
|
0-0: Ball 1-0: Called Strike 1-1: Foul Ball, location: 2F 1-2: Foul Ball, location: 2F 1-2: Foul Ball, location: 2F 1-2: Strikes out looking
|
Bottom of the 3rd over - 6 run(s), 5 hit(s), 0 error(s), 2 left on base; Mississippi 0 - Michigan State 11 |
TOP OF THE 4TH |
Mississippi Rebels batting - Pitching for Michigan State Spartans : LHP David Page
|
Batting: RHB John Eaves
|
0-0: Ball 1-0: SINGLE (Line Drive, 7S)
|
Batting: SHB Jack Hendrix
|
0-0: Foul Ball, location: 2F 0-1: Ball 1-1: Called Strike 1-2: Fly out, F9 (Flyball, 89M)
|
Batting: RHB Tyler Fitzgerald
|
0-0: Foul Ball, location: 2F 0-1: Fielders Choice at 2nd, 1-4 (Groundball, 15S)
|
Batting: RHB Jon Waller
|
0-0: Called Strike 0-1: Swinging Strike 0-2: Ball 1-2: Strikes out swinging
|
Top of the 4th over - 0 run(s), 1 hit(s), 0 error(s), 1 left on base; Mississippi 0 - Michigan State 11 |
BOTTOM OF THE 4TH |
Michigan State Spartans batting - Pitching for Mississippi Rebels : RHP Chris Roy
|
Batting: RHB Ryan Fullerton
|
0-0: Ball 1-0: Ball 2-0: Called Strike 2-1: Fly out, F7 (Flyball, 7)
|
Batting: RHB Nelson Wright
|
0-0: Ground out 5-3 (Groundball, 56S)
|
Batting: LHB Steve Arnold
|
0-0: Called Strike 0-1: Ball 1-1: Foul Ball, location: 2F 1-2: Foul Ball, location: 2F 1-2: Foul Ball, location: 2F 1-2: Ball 2-2: Fly out, F8 (Flyball, 8RM)
|
Bottom of the 4th over - 0 run(s), 0 hit(s), 0 error(s), 0 left on base; Mississippi 0 - Michigan State 11 |
TOP OF THE 5TH |
Mississippi Rebels batting - Pitching for Michigan State Spartans : LHP David Page
|
Batting: RHB Rafael Gonzáles
|
0-0: Foul Ball, location: 2F 0-1: SINGLE (Groundball, 6MD)
|
Batting: RHB Lou Hammond
|
0-0: Called Strike 0-1: Called Strike 0-2: Ball 1-2: Strikes out swinging
|
Batting: LHB Ryan Miller
|
0-0: Called Strike 0-1: Ball 1-1: Called Strike 1-2: Ball 2-2: Strikes out looking
|
Batting: RHB Simon Lee
|
0-0: Ball Rafael Gonzáles steals 2nd base 1-0: Ball 2-0: Swinging Strike 2-1: Foul Ball, location: 2F 2-2: Foul Ball, location: 2F 2-2: Foul Ball, location: 2F 2-2: Ball 3-2: Foul Ball, location: 2F 3-2: Ground out 5-3 (Groundball, 5L)
|
Top of the 5th over - 0 run(s), 1 hit(s), 0 error(s), 1 left on base; Mississippi 0 - Michigan State 11 |
BOTTOM OF THE 5TH |
Michigan State Spartans batting - Pitching for Mississippi Rebels : RHP Chris Roy
|
Batting: RHB Scott Juárez
|
0-0: Ball 1-0: Foul Ball, location: 2F 1-1: Called Strike 1-2: Hit by Pitch
|
Batting: RHB Spike Walters
|
0-0: Ball 1-0: Grounds into double play, 6-4-3 (Groundball, 6M)
|
Batting: SHB Joe Emery
|
0-0: Ball 1-0: Ball 2-0: Called Strike 2-1: Ball 3-1: Base on Balls
|
Batting: LHB Gabriel Estrada
|
0-0: Ball 1-0: Called Strike 1-1: Foul Ball, location: 2F 1-2: SINGLE (Line Drive, 34) Joe Emery to second
|
Batting: LHB Cliff Mills
|
0-0: Foul Ball, location: 2F 0-1: Foul Ball, location: 2F 0-2: Ball 1-2: Ball 2-2: DOUBLE (Flyball, 8LD) Joe Emery scores Gabriel Estrada to third Runner from 3rd tries for Home, SAFE, no throw
|
Pitching: RHP Jim Major
|
|
Batting: RHB Ryan Nelson
|
0-0: Ball 1-0: Swinging Strike 1-1: Ball 2-1: 2-RUN HOME RUN (Line Drive, 9LD), Distance : 344 ft
|
Batting: RHB Ryan Fullerton
|
0-0: Called Strike 0-1: Swinging Strike 0-2: Foul Ball, location: 2F 0-2: Strikes out swinging
|
Bottom of the 5th over - 4 run(s), 3 hit(s), 0 error(s), 0 left on base; Mississippi 0 - Michigan State 15 |
TOP OF THE 6TH |
Mississippi Rebels batting - Pitching for Michigan State Spartans : LHP David Page
|
Pitching: RHP Brian White
|
|
Batting: RHB Jason McIntosh
|
0-0: Ball 1-0: Foul Ball, location: 2F 1-1: Called Strike 1-2: Ball 2-2: Fly out, F9 (Flyball, 9D)
|
Batting: RHB John Eaves
|
0-0: Called Strike 0-1: Swinging Strike 0-2: Foul Ball, location: 2F 0-2: Strikes out swinging
|
Batting: SHB Jack Hendrix
|
0-0: Ball 1-0: Called Strike 1-1: Called Strike 1-2: Strikes out swinging
|
Top of the 6th over - 0 run(s), 0 hit(s), 0 error(s), 0 left on base; Mississippi 0 - Michigan State 15 |
BOTTOM OF THE 6TH |
Michigan State Spartans batting - Pitching for Mississippi Rebels : RHP Jim Major
|
Batting: RHB Nelson Wright
|
0-0: Fly out, F5 (Popup, 56S)
|
Batting: LHB Steve Arnold
|
0-0: Called Strike 0-1: Fly out, F8 (Line Drive, 78M)
|
Batting: RHB Scott Juárez
|
0-0: Called Strike 0-1: Ball 1-1: Foul Ball, location: 2F 1-2: Strikes out looking
|
Bottom of the 6th over - 0 run(s), 0 hit(s), 0 error(s), 0 left on base; Mississippi 0 - Michigan State 15 |
TOP OF THE 7TH |
Mississippi Rebels batting - Pitching for Michigan State Spartans : RHP Brian White
|
Batting: RHB Tyler Fitzgerald
|
0-0: Ball 1-0: Ball 2-0: Swinging Strike 2-1: Swinging Strike 2-2: Strikes out looking
|
Batting: RHB Jon Waller
|
0-0: Ball 1-0: Called Strike 1-1: Ball 2-1: Ball 3-1: TRIPLE (Line Drive, 8RD)
|
Batting: RHB Rafael Gonzáles
|
0-0: Called Strike 0-1: Foul Ball, location: 2F 0-2: Ball 1-2: Ball 2-2: Ball 3-2: Strikes out swinging wild pitch, reaches first! Jon Waller scores
|
Batting: RHB Lou Hammond
|
0-0: Ball 1-0: Ball 2-0: Foul Ball, location: 2F 2-1: Called Strike 2-2: Strikes out swinging
|
Batting: LHB Ryan Miller
|
0-0: Ball Rafael Gonzáles steals 2nd base 1-0: Ball 2-0: Foul Ball, location: 2F 2-1: Ground out 6-3 (Groundball, 6)
|
Top of the 7th over - 1 run(s), 1 hit(s), 0 error(s), 1 left on base; Mississippi 1 - Michigan State 15 |
BOTTOM OF THE 7TH |
Michigan State Spartans batting - Pitching for Mississippi Rebels : RHP Jim Major
|
Batting: RHB Spike Walters
|
0-0: Ground out 4-3 (Groundball, 4)
|
Batting: SHB Joe Emery
|
0-0: Called Strike 0-1: Ball 1-1: Ball 2-1: Ball 3-1: Base on Balls
|
Batting: LHB Gabriel Estrada
|
0-0: Called Strike 0-1: Called Strike 0-2: Fielders Choice at 2nd, 1-6 (Groundball, 13)
|
Batting: LHB Cliff Mills
|
0-0: Ball 1-0: Ball 2-0: Foul Ball, location: 2F 2-1: Ball 3-1: Base on Balls Gabriel Estrada to second
|
Pinch Hitting: RHB Bennett McGee
|
0-0: Ball 1-0: Ball 2-0: Called Strike 2-1: Ball 3-1: Ground out 5-3 (Groundball, 56S)
|
Bottom of the 7th over - 0 run(s), 0 hit(s), 0 error(s), 2 left on base; Mississippi 1 - Michigan State 15 |
TOP OF THE 8TH |
Mississippi Rebels batting - Pitching for Michigan State Spartans : RHP Brian White
|
Now at 3B: Bennett McGee
|
|
Batting: RHB Simon Lee
|
0-0: Ball 1-0: Called Strike 1-1: Swinging Strike 1-2: Foul Ball, location: 2F 1-2: Strikes out swinging
|
Batting: RHB Jason McIntosh
|
0-0: Ball 1-0: Called Strike 1-1: DOUBLE (Line Drive, 89M)
|
Batting: RHB John Eaves
|
0-0: Ball 1-0: Swinging Strike 1-1: Ball 2-1: Swinging Strike 2-2: Foul Ball, location: 2F 2-2: Strikes out swinging
|
Batting: SHB Jack Hendrix
|
0-0: Called Strike 0-1: Called Strike 0-2: Strikes out looking
|
Top of the 8th over - 0 run(s), 1 hit(s), 0 error(s), 1 left on base; Mississippi 1 - Michigan State 15 |
BOTTOM OF THE 8TH |
Michigan State Spartans batting - Pitching for Mississippi Rebels : RHP Jim Major
|
Batting: RHB Ryan Fullerton
|
0-0: Called Strike 0-1: SOLO HOME RUN (Flyball, 7D), Distance : 342 ft
|
Batting: RHB Nelson Wright
|
0-0: Ground out 6-3 (Groundball, 6S)
|
Pinch Hitting: RHB Bob Jackson
|
0-0: Called Strike 0-1: Called Strike 0-2: Ball 1-2: Ball 2-2: Foul Ball, location: 2F 2-2: Ball 3-2: Foul Ball, location: 2F 3-2: Fly out, F9 (Flyball, 9LSF)
|
Batting: RHB Scott Juárez
|
0-0: Called Strike 0-1: Foul Ball, location: 2F 0-2: DOUBLE (Line Drive, 78M)
|
Batting: RHB Spike Walters
|
0-0: Ball 1-0: Foul Ball, location: 2F 1-1: Ball 2-1: Swinging Strike 2-2: Foul Ball, location: 2F 2-2: Foul Ball, location: 2F 2-2: Foul Ball, location: 2F 2-2: Strikes out looking
|
Bottom of the 8th over - 1 run(s), 2 hit(s), 0 error(s), 1 left on base; Mississippi 1 - Michigan State 16 |
TOP OF THE 9TH |
Mississippi Rebels batting - Pitching for Michigan State Spartans : RHP Brian White
|
Pitching: LHP Martín Sandoval
|
|
Now in LF: Aaron Aguirre
|
|
Batting: RHB Tyler Fitzgerald
|
0-0: Ball 1-0: Ball 2-0: Called Strike 2-1: Ball 3-1: Base on Balls
|
Batting: RHB Jon Waller
|
0-0: Ball 1-0: Ball 2-0: Called Strike 2-1: Foul Ball, location: 2F 2-2: Ball 3-2: Base on Balls Tyler Fitzgerald to second
|
Batting: RHB Rafael Gonzáles
|
0-0: Ball 1-0: Ball 2-0: Ball 3-0: Base on Balls Tyler Fitzgerald to third Jon Waller to second
|
Batting: RHB Lou Hammond
|
0-0: Called Strike 0-1: Foul Ball, location: 2F 0-2: Fly out, F8 (Line Drive, 8LM) Runner from 3rd tags up, SCORES, throw made
|
Batting: LHB Ryan Miller
|
0-0: Ball 1-0: Swinging Strike 1-1: Called Strike 1-2: Ball 2-2: Foul Ball, location: 2F 2-2: Strikes out swinging
|
Batting: RHB Simon Lee
|
0-0: Ball 1-0: Called Strike 1-1: Ball 2-1: SINGLE (Line Drive, 89M) Jon Waller to third Rafael Gonzáles to second Runner from 3rd tries for Home, SAFE, no throw
|
Batting: RHB Jason McIntosh
|
0-0: Ball 1-0: Ball 2-0: Ball 3-0: Called Strike 3-1: Base on Balls Rafael Gonzáles to third Simon Lee to second
|
Batting: RHB John Eaves
|
0-0: Ball 1-0: Swinging Strike 1-1: Ball 2-1: Fielders Choice at 2nd, 6-4 (Groundball, 6)
|
Top of the 9th over - 2 run(s), 1 hit(s), 0 error(s), 2 left on base; Mississippi 3 - Michigan State 16 |
|